 Dungeon Crawl Stone Soup version 0.18.1-2-ga659475 (webtiles) character file.

594785 shmeve the Axe Maniac (level 26, -1/369 HPs)
             Began as a Minotaur Berserker on May 7, 2016.
             Was the Champion of Trog.
             Slain by a phantasmal warrior (20 damage)
             ... summoned by a greater mummy
             ... on level 11 of a ziggurat on May 8, 2016.
             The game lasted 02:39:53 (41213 turns).

shmeve the Axe Maniac (Minotaur Berserker)         Turns: 41213, Time: 02:39:54

Health: -1/369     AC: 34    Str: 49    XL:     26   Next: 31%
Magic:  22/22      EV: 23    Int:  5    God:    Trog [******]
Gold:   4749       SH: 38    Dex: 21    Spells: 0 memorised, 25 levels left

rFire  x . .     SeeInvis .     p - +12 war axe "Qir Aliv" {chop, rElec Str+3 Int-4 Stlth+}
rCold  . . .     Gourm    .     U - +4 crystal plate armour
rNeg   . . .     Faith    .     o - +8 large shield
rPois  +         Spirit   .     (helmet unavailable)
rElec  +         Dismiss  .     a - +1 cloak of Immorality {rPois Int+4}
rCorr  .         Reflect  .     t - +2 pair of gloves of Patience {MR++ Dex+4}
SustAt .         Harm     .     j - +2 pair of boots {Stlth+}
MR     +++++                    J - amulet of regeneration
Stlth  ..........               B - ring of Fameecam {+Blink rPois rF- Str+2 Slay+4}
                                Z - ring "Putekk" {EV+3 Str+4}

@: mighty, agile, berserking, very slightly contaminated, regenerating, hasted
and slowed, heavily drained, almost entirely resistant to hostile enchantments,
extremely unstealthy
A: retaliatory headbutt, horns 3, thin skeletal structure 1, mutation resistance
1, poison resistance, strong 1
a: Berserk, Trog's Hand, Brothers in Arms, Burn Spellbooks, Renounce Religion,
Evoke Blink
}: 3/15 runes: barnacled, silver, gossamer


You were on level 11 of a ziggurat.
You worshipped Trog.
Trog was exalted by your worship.
You were hungry.

You visited 8 branches of the dungeon, and saw 44 of its levels.
You visited 1 ziggurat, and saw 11 of its levels.
You also visited: Labyrinth and Wizlab.

You collected 6094 gold pieces.
You spent 1345 gold pieces at shops.

Inventory:

Hand Weapons
 p - the +12 war axe "Qir Aliv" (weapon) {chop, rElec Str+3 Int-4 Stlth+}
   (Trog gifted it to you on level 1 of the Spider Nest)

   It inflicts extra damage upon your enemies.
   It affects your strength (+3).
   It affects your intelligence (-4).
   It insulates you from electricity.
   It makes you more stealthy.
Missiles
 n - 33 silver javelins
 D - 47 javelins (quivered)
 H - 4 javelins of penetration
 P - 26 poisoned javelins
Armour
 a - the +1 cloak of Immorality (worn) {rPois Int+4}
   (You found it on level 5 of the Dungeon)

   It affects your intelligence (+4).
   It protects you from poison.
 j - a +2 pair of boots of stealth (worn)
 o - a +8 large shield (worn)
 t - the +2 pair of gloves of Patience (worn) {MR++ Dex+4}
   (You found it on level 8 of the Dungeon)

   It affects your dexterity (+4).
   It affects your resistance to hostile enchantments.
 U - a +4 crystal plate armour (worn)
Jewellery
 B - the ring of Fameecam (right hand) {+Blink rPois rF- Str+2 Slay+4}
   (You found it on level 5 of the Vaults)

   [ring of strength]

   It affects your strength (+2).
   It affects your accuracy and damage with ranged weapons and melee attacks
   (+4).
   It makes you vulnerable to fire.
   It protects you from poison.
   It lets you blink.
 J - an amulet of regeneration (around neck)
 Z - the ring "Putekk" (left hand) {EV+3 Str+4}
   (You found it on level 3 of the Elven Halls)

   [ring of evasion]

   It affects your evasion (+3).
   It affects your strength (+4).
Wands
 q - a wand of enslavement (5/24)
 s - a wand of digging (3/24)
 u - a wand of digging (11/24)
 G - a wand of heal wounds (0/9)
 I - a wand of hasting (3/9)
 Q - a wand of slowing (34/48)
 V - a wand of teleportation (3/9)
 W - a wand of teleportation (6/9)
Scrolls
 b - 16 scrolls of teleportation
 d - 6 scrolls of enchant weapon
 e - 10 scrolls of identify
 g - 2 scrolls of summoning
 k - 8 scrolls of recharging
 l - 8 scrolls of fear
 r - 4 scrolls of holy word
 w - 15 scrolls of fog
 K - 9 scrolls of magic mapping
 M - 6 scrolls of blinking
 N - 19 scrolls of remove curse
Potions
 x - 11 potions of curing
 z - 10 potions of flight
 A - 8 potions of invisibility
 C - 2 potions of ambrosia
 E - 7 potions of brilliance
 F - a potion of cancellation
 L - 5 potions of heal wounds
 O - 4 potions of haste
 S - 10 potions of cure mutation
 T - 3 potions of might
 X - 5 potions of agility
 Y - 5 potions of resistance
Comestibles
 c - 29 bread rations
 f - 22 slices of pizza
 h - 23 meat rations
 i - 4 beef jerkies
 v - a chunk of flesh


   Skills:
 * Level 21.9(19.5) Fighting
 O Level 27(24.3) Axes
 + Level 15.3(13.3) Throwing
 + Level 13.1(11.2) Armour
 * Level 10.5(8.7) Dodging
 - Level 1.3(0.0) Stealth
 * Level 26.3(23.7) Shields


You had 25 spell levels left.
You didn't know any spells.

Dungeon Overview and Level Annotations

Branches:
Dungeon (15/15)            Temple (0/1) D:5            Lair (8/8) D:9
 Shoals (4/4) Lair:5       Spider (4/4) Lair:5        Slime (0/6) Lair:6
    Orc (2/2) D:11            Elf (3/3) Orc:2        Vaults (5/5) D:13
  Crypt (0/3) Vaults:3     Depths (3/5) D:15

Altars:
Cheibriados
Dithmenos
Elyvilon
Kikubaaqudgha
Makhleb
Nemelex Xobeh
Trog
Vehumet
Xom
Yredelemnul
Zin
Beogh

Shops:
D:11 :   D:12 ?   Orc:1 %   Orc:2 *=[(   Elf:3 ![(%   Shoals:1 =

Portals:
Hell: Depths:1 Depths:2 Depths:3
Abyss: Depths:3
Trove: Depths:1 (show abyssal rune of Zot)

Annotations:
Lair:4 exclusion: oklob plant


Innate Abilities, Weirdness & Mutations

You reflexively headbutt those who attack you in melee.
You have a pair of large horns on your head.
You have a somewhat thin skeletal structure (Dex +2, Stealth).
You are somewhat resistant to further mutation.
Your system is resistant to poisons.
Your muscles are strong. (Str +2)


Message History

The bennu completely misses you.
The greater mummy mumbles some strange words.
You slice the anubis guard!! You headbutt the anubis guard.
The anubis guard is almost dead.
You slice the bennu!!
The bennu is almost dead.
You slice the ushabti!!
You feel the power of Trog in you as your rage grows.
You destroy the ushabti!
You slash the phantasmal warrior!
The phantasmal warrior is heavily damaged.
You closely miss the elf zombie. You miss the flying skull.
The greater mummy calls on the powers of darkness!
Your body is wracked with pain!
* * * LOW HITPOINT WARNING * * *
The bennu convulses!
You block the flying skull's attack.
The anubis guard howls a warning cry!
You block the elf zombie's attack. You block the bennu's attack. x3
The phantasmal warrior hits you!!
You die...

▓▓▓▓▓▓▓▓▓▓▓▓▓
▓▓...........▓▓
▓▓.............▓▓
▓▓...........Z8.W▓▓
▓▓..........WMW§HZn▓
▓▓........8.8ZzMMMMM∩
▓.∩.........W@HMMMMz>
▓▓........8.8§bZMVMM∩
▓▓..........MMZ..Z}▓
▓▓............§.)▓▓
▓▓...........M.▓▓
▓▓...........▓▓
▓▓▓▓▓▓▓▓▓▓▓▓▓


You could see 2 greater mummies, a bennu, a jiangshi, a phantasmal warrior, 2
anubis guards, a guardian mummy, an ushabti, a spectral shadow dragon, a
spectral fire giant, a necrophage, 3 shadows, a flying skull, 13 mummies, a
wight, a fire giant zombie, an elf zombie, a golden dragon skeleton and a titan
skeleton.

Vanquished Creatures
  2 ancient liches (Vaults:5)
  2 juggernauts
  A greater mummy (Zig:10)
  The ghost of meatpath the Slayer, a veteran MiBe of Trog (Vaults:5)
  Saint Roka (Orc:2)
  A Cloud Mage (WizLab)
  Arachne (Spider:4)
  Jorgrun (Elf:3)
  A Hell Sentinel (Zig:7)
  2 tentacled monstrosities (Vaults:5)
  2 quicksilver dragons (Vaults:5)
  2 deep elf master archers (Elf:3)
  Polyphemus (Shoals:3)
  4 titans (Vaults:5)
  2 deep elf blademasters (Elf:3)
  Frances (Shoals:2)
  2 krakens
  3 shadow dragons
  3 sphinxes
  2 ancient champions (Vaults:3)
  5 tengu reavers (Vaults:5)
  Kirke (Shoals:3)
  Ilsuiw (Shoals:4)
  4 storm dragons (Vaults:5)
  Wiglaf (Elf:3)
  10 fire giants
  Donald (Vaults:2)
  A balrug (Depths:3)
  16 vault wardens
  7 deep elf sorcerers (Elf:3)
  8 frost giants
  An iron dragon (Vaults:5)
  4 ghost moths
  7 deep elf elementalists
  14 ironheart preservers
  5 emperor scorpions
  4 orc warlords
  A curse skull (Zig:2)
  2 draconian annihilators (Zig:5)
  18 stone giants
  32 very ugly things
  3 bennus
  3 salamander stormcallers
  A purple draconian (Zig:5)
  A vampire knight (Depths:3)
  A white draconian (Zig:5)
  4 deep elf annihilators (Elf:3)
  5 deep elf demonologists
  A mottled draconian (Zig:5)
  A spark wasp (Spider:4)
  6 ettins
  8 deep elf death magi
  31 vault guards
  7 merfolk javelineers
  A crystal guardian (Vaults:4)
  A minotaur (Lab)
  4 mummy priests
  13 yaktaur captains
  10 merfolk impalers (Shoals:4)
  3 deep elf high priests
  Fannar (Lair:3)
  4 fire dragons
  11 entropy weavers
  10 great orbs of eyes
  9 hydras
  6 spriggan air magi
  5 ice dragons
  The ghost of jasper the Peltast, a journeyman MiFi of Okawaru (D:12)
  Erica (D:8)
  6 merfolk aquamancers
  A catoblepas (Shoals:3)
  4 merfolk avatars
  7 centaur warriors
  7 alligator snapping turtles
  12 ogre magi
  A death knight (Zig:6)
  3 tengu warriors
  21 dancing weapons
  A queen ant (Spider:4)
  5 deep troll earth magi
  14 death yaks
  2 satyrs (Shoals:4)
  2 vampire magi
  An iron giant zombie (Zig:10)
  A spriggan berserker (Depths:2)
  9 orc high priests
  13 deep elf knights
  Nergalle (Orc:2)
  4 hell knights (Depths:1)
  A shadow wraith (Zig:4)
  4 small abominations
  A large abomination (Elf:3)
  2 sun demons (Depths:3)
  2 iron trolls
  3 fire crabs
  5 skeletal warriors (Vaults:2)
  2 death scarabs
  A titan skeleton (Zig:10)
  A swamp dragon (shapeshifter) (Vaults:2)
  A salamander mystic (Vaults:4)
  10 sea snakes
  The ghost of pestonoire the Carver, a novice HuFi of Okawaru (D:6)
  3 giant orange brains
  16 deep trolls
  3 unseen horrors
  5 phantasmal warriors
  A hill giant (shapeshifter) (Vaults:5)
  Pikel (D:8)
  5 necromancers
  An anubis guard (Zig:10)
  11 hill giants
  8 deep elf archers
  A lindwurm (shapeshifter) (Depths:2)
  16 ironbrand convokers
  11 harpies
  14 orc knights
  64 deep elf magi
  A flayed ghost (Vaults:3)
  An anubis guard (shapeshifter) (D:15)
  4 fauns
  36 wolf spiders
  32 ugly things
  A wolf spider zombie (D:15)
  19 orb spiders
  12 manticores
  4 oklob plants (Zig:9)
  15 griffons
  A frost giant zombie (Zig:10)
  3 salamanders (Vaults:4)
  7 cyclopes
  8 orc sorcerers
  A wizard (D:14)
  A salamander (shapeshifter) (D:13)
  4 hornets
  A moth of wrath (Spider:4)
  A manticore (shapeshifter) (Zig:7)
  A black mamba (shapeshifter) (Vaults:2)
  3 elephants (Lair:8)
  19 sirens
  15 spiny frogs
  6 water nymphs
  12 vault sentinels
  11 black mambas
  7 centaur zombies
  5 torpor snails
  An apocalypse crab (Zig:7)
  A molten gargoyle (Depths:1)
  4 rime drakes
  5 freezing wraiths
  2 kobold demonologists (Vaults:2)
  A redback zombie (D:13)
  A rime drake (shapeshifter) (Elf:2)
  5 komodo dragons
  5 tengu conjurers
  11 demonic crawlers
  21 yaktaurs
  9 guardian mummies
  7 trolls
  20 merfolk
  A polar bear (shapeshifter) (Vaults:4)
  A queen bee (shapeshifter) (Depths:2)
  2 red devils (Depths:1)
  37 jumping spiders
  11 two-headed ogres
  9 polar bears
  7 slime creatures
  A raiju (shapeshifter) (Elf:3)
  7 snapping turtles
  8 wind drakes
  5 boulder beetles
  3 ushabtiu
  25 blink frogs
  5 raiju (Lair:8)
  An ettin zombie (Vaults:1)
  4 flying skulls
  A snapping turtle (shapeshifter) (Vaults:5)
  A redback (shapeshifter) (Zig:7)
  2 tarantellas (shapeshifter)
  115 redbacks
  46 tarantellas
  16 water elementals
  29 air elementals
  2 wraiths
  3 wyverns
  The ghost of flyleaff the Ruffian, an amateur TrMo (D:4)
  An elf zombie (Vaults:1)
  68 yaks
  8 basilisks
  5 hogs (Shoals:3)
  2 chaos spawn (Zig:7)
  2 hungry ghosts (D:11)
  Grum (D:9)
  A steam dragon (Lair:8)
  7 hippogriffs
  17 vampire mosquitoes
  5 mottled dragons
  11 wargs
  A soldier ant (shapeshifter) (Vaults:1)
  11 insubstantial wisps (WizLab)
  26 soldier ants (Spider:4)
  18 water moccasins
  3 hell hounds (Lair:8)
  10 porcupines
  3 swamp drakes (Lair:8)
  A giant eyeball (Depths:3)
  15 black bears
  4 slaves (D:8)
  A swamp drake (shapeshifter) (Vaults:5)
  62 orc warriors
  4 wasps
  7 sky beasts
  5 ice beasts
  An eye of draining (D:13)
  53 ogres
  A phantom (D:11)
  4 boggarts (D:14)
  38 centaurs
  2 necrophages
  20 wolves
  4 big kobolds
  22 crocodiles
  2 human zombies (Vaults:1)
  18 giant frogs
  3 earth elementals
  2 gnoll sergeants
  A deep troll simulacrum (Vaults:1)
  2 elf skeletons (D:5)
  2 scorpions
  A wyvern skeleton (D:13)
  5 wights (D:12)
  2 howler monkeys
  An electric eel (Lair:6)
  3 crimson imps
  7 jellies
  2 giant frog zombies
  A quasit (D:12)
  2 centaur skeletons
  24 hounds
  30 orc priests
  29 orc wizards
  18 iguanas
  2 human skeletons
  10 hell rats
  32 worker ants
  A statue (D:7)
  A killer bee zombie (D:9)
  26 sheep
  A hound skeleton (D:4)
  2 hound zombies
  11 mummies
  9 gnolls
  9 adders
  97 river rats
  8 shadow imps
  12 white imps (Elf:3)
  2 oozes
  An adder zombie (D:6)
  3 worms
  A dart slug (D:1)
  6 giant geckos
  100 orcs
  A ball python (D:1)
  13 bats
  6 giant cockroaches
  7 goblins
  7 hobgoblins
  17 jackals
  3 quokkas
  2 giant newts (D:6)
  24 kobolds
  An orc skeleton (D:5)
  2 orc zombies (D:5)
  2 quokka skeletons
  25 rats
  12 crawling corpses
  16 fungi
  7 plants
  4 tentacles (Shoals:1)
2388 creatures vanquished.

Vanquished Creatures (others)
  A wolf spider (D:15)
  A deep elf mage (Elf:3)
  A redback (Spider:4)
  An ogre (D:15)
  7 fungi
  22 plants
  7 tentacles
  306 tentacle segments
346 creatures vanquished.

Grand Total: 2734 creatures vanquished

Notes
Turn   | Place    | Note
--------------------------------------------------------------
     0 | D:1      | shmeve the Minotaur Berserker began the quest for the Orb.
     0 | D:1      | Reached XP level 1. HP: 19/19 MP: 0/0
   159 | D:1      | Reached XP level 2. HP: 26/27 MP: 1/1
   287 | D:1      | Reached skill level 4 in Axes
   330 | D:1      | Reached ** piety under Trog
   544 | D:1      | Reached XP level 3. HP: 33/33 MP: 2/2
   823 | D:2      | Found an ancient bone altar of Kikubaaqudgha.
   992 | D:2      | Found a bloodstained altar of Trog.
  1003 | D:2      | Reached skill level 1 in Throwing
  1609 | D:3      | Reached XP level 4. HP: 40/41 MP: 3/3
  1825 | D:3      | Reached skill level 1 in Shields
  2201 | D:3      | Reached XP level 5. HP: 44/47 MP: 4/4
  2473 | D:3      | Reached *** piety under Trog
  2819 | D:4      | Noticed flyleaff's ghost (amateur TrMo)
  2830 | D:4      | Killed flyleaff's ghost
  2830 | D:4      | Reached skill level 5 in Shields
  2830 | D:4      | Reached XP level 6. HP: 53/53 MP: 5/5
  3011 | D:4      | Found a burning altar of Makhleb.
  3193 | D:5      | Entered Level 5 of the Dungeon
  3232 | D:5      | Noticed a sky beast
  3244 | D:5      | Killed a sky beast
  3244 | D:5      | Reached skill level 5 in Fighting
  3250 | D:5      | Reached skill level 5 in Axes
  3250 | D:5      | Reached XP level 7. HP: 42/61 MP: 6/6
  3293 | D:5      | Found a staircase to the Ecumenical Temple.
  3356 | D:5      | Received a gift from Trog
  3518 | D:5      | Got a faintly humming cloak
  3529 | D:5      | Identified the +1 cloak of Immorality {rPois Int+4} (You found it on level 5 of the Dungeon)
  3683 | D:5      | Found a sand-covered staircase.
  4068 | D:6      | Reached skill level 6 in Axes
  4068 | D:6      | Reached XP level 8. HP: 70/70 MP: 7/7
  4077 | D:6      | Noticed pestonoire's ghost (novice HuFi)
  4085 | D:6      | Killed pestonoire's ghost
  4085 | D:6      | Reached skill level 7 in Axes
  4445 | D:6      | Found a runed door.
  4681 | D:6      | Found a snail-covered altar of Cheibriados.
  4864 | D:6      | Reached skill level 5 in Dodging
  4864 | D:6      | Reached XP level 9. HP: 78/78 MP: 8/8
  4867 | D:6      | Reached **** piety under Trog
  4890 | D:6      | Received a gift from Trog
  4937 | D:6      | Found a roughly hewn altar of Beogh.
  4990 | D:7      | Reached skill level 8 in Axes
  5090 | D:7      | Found a radiant altar of Vehumet.
  5212 | D:7      | Found a basalt altar of Yredelemnul.
  5253 | D:7      | Reached skill level 5 in Armour
  5289 | D:7      | Found a shadowy altar of Dithmenos.
  5376 | D:7      | Found a shimmering altar of Xom.
  5677 | D:8      | Got a pair of twisted gloves
  5688 | D:8      | Identified the +2 pair of gloves of Patience {MR++ Dex+4} (You found it on level 8 of the Dungeon)
  5729 | D:8      | Noticed Erica
  5730 | D:8      | Noticed Pikel
  5747 | D:8      | Killed Pikel
  5747 | D:8      | Reached skill level 9 in Axes
  5748 | D:8      | Killed Erica
  5748 | D:8      | Reached XP level 10. HP: 88/88 MP: 9/9
  5993 | D:8      | Found a glowing silver altar of Zin.
  6217 | D:9      | Reached skill level 5 in Throwing
  6247 | D:9      | Noticed Grum
  6264 | D:9      | Killed Grum
  6268 | D:9      | Reached ***** piety under Trog
  6275 | D:9      | Reached skill level 10 in Axes
  6335 | D:9      | Found a white marble altar of Elyvilon.
  6357 | D:9      | Found a staircase to the Lair.
  6527 | D:9      | Received a gift from Trog
  6618 | D:9      | Reached skill level 10 in Shields
  6922 | Lair:1   | Entered Level 1 of the Lair of Beasts
  6985 | Lair:1   | Found a dark tunnel.
  7036 | Lair:1   | Received a gift from Trog
  7074 | Lair:1   | Noticed a black mamba
  7081 | Lair:1   | Killed a black mamba
  7086 | Lair:1   | Noticed a black mamba
  7093 | Lair:1   | Killed a black mamba
  7094 | Lair:1   | Reached XP level 11. HP: 70/97 MP: 10/10
  7111 | Lair:1   | Reached skill level 11 in Axes
  8395 | Lair:2   | Reached skill level 10 in Fighting
  8404 | Lair:2   | Received a gift from Trog
  8771 | Lair:3   | Noticed Fannar
  8797 | Lair:3   | Killed Fannar
  8797 | Lair:3   | Reached skill level 12 in Axes
  9043 | Lair:3   | Received a gift from Trog
  9048 | Lair:3   | Reached XP level 12. HP: 106/107 MP: 11/11
 10011 | Lair:4   | Reached skill level 13 in Axes
 10242 | Lair:4   | Noticed an eight-headed hydra
 10258 | Lair:4   | Killed a 14-headed hydra
 11018 | Lair:5   | Found a staircase to the Shoals.
 11076 | Lair:5   | Noticed a four-headed hydra
 11085 | Lair:5   | Killed a five-headed hydra
 11154 | Lair:5   | Found a hole to the Spider Nest.
 11186 | Lair:5   | Received a gift from Trog
 11325 | Lair:5   | Reached skill level 14 in Axes
 11784 | Lair:6   | Reached XP level 13. HP: 86/116 MP: 12/12
 11863 | Lair:6   | Found a staircase to the Slime Pits.
 12259 | Lair:6   | Reached ****** piety under Trog
 12737 | Lair:7   | Received a gift from Trog
 12753 | Lair:7   | Reached skill level 15 in Axes
 12936 | Lair:7   | Found a snail-covered altar of Cheibriados.
 13139 | Lair:7   | Received a gift from Trog
 13146 | Lair:7   | Found a labyrinth entrance.
 13161 | Lab      | Entered a labyrinth
 13908 | Lab      | Noticed a minotaur
 13915 | Lab      | Killed a minotaur
 14427 | Lair:8   | Entered Level 8 of the Lair of Beasts
 14457 | Lair:8   | Reached XP level 14. HP: 127/127 MP: 13/13
 14578 | Lair:8   | Reached skill level 16 in Axes
 14591 | Lair:8   | Received a gift from Trog
 15374 | Lair:8   | Received a gift from Trog
 15425 | Lair:8   | Reached skill level 15 in Shields
 15508 | Lair:8   | Identified a scroll of acquirement
 15511 | Lair:8   | Got a fine buckler
 15522 | Lair:8   | Identified the +3 buckler of the Ecumenical Temple {Str+4 Stlth+} (You acquired it on level 8 of the Lair of Beasts)
 15572 | Lair:8   | Gained mutation: You have a somewhat thin skeletal structure (Dex +2, Stealth). [potion of beneficial mutation]
 15573 | Lair:8   | Gained mutation: You have a pair of large horns on your head. [potion of beneficial mutation]
 15574 | Lair:8   | Gained mutation: Your system is resistant to poisons. [potion of beneficial mutation]
 15756 | Lair:1   | Received a gift from Trog
 15781 | D:10     | Entered Level 10 of the Dungeon
 15793 | D:10     | Reached skill level 17 in Axes
 16880 | D:11     | Found Ynudd's Book Shoppe.
 16954 | D:11     | Found a staircase to the Orcish Mines.
 17445 | Orc:1    | Entered Level 1 of the Orcish Mines
 17445 | Orc:1    | Found Roaczaos's Food Shop.
 17457 | Orc:1    | Received a gift from Trog
 17461 | Orc:1    | Noticed an orc warlord
 17473 | Orc:1    | Killed an orc warlord
 17524 | Orc:1    | Bought a slice of pizza for 18 gold pieces
 17889 | Orc:2    | Entered Level 2 of the Orcish Mines
 18070 | Orc:2    | Found a staircase to the Elven Halls.
 18169 | Orc:2    | Noticed Saint Roka
 18171 | Orc:2    | Noticed Nergalle
 18182 | Orc:2    | Received a gift from Trog
 18184 | Orc:2    | Reached XP level 15. HP: 64/138 MP: 14/14
 18184 | Orc:2    | Killed Nergalle
 18188 | Orc:2    | Killed Saint Roka
 18192 | Orc:2    | Found a roughly hewn altar of Beogh.
 18201 | Orc:2    | Found Kirybric's Antique Armour Shoppe.
 18210 | Orc:2    | Received a gift from Trog
 18239 | Orc:2    | Found Tityrphudec's General Store.
 18307 | Orc:2    | Bought a shiny large shield for 166 gold pieces
 18362 | Orc:2    | Found Pataong's Jewellery Shoppe.
 18490 | Orc:2    | Found Kaupni's Antique Weapon Shoppe.
 18589 | Orc:2    | Bought a pair of runed boots for 166 gold pieces
 18606 | Orc:2    | Bought a shiny plate armour for 851 gold pieces
 18723 | D:12     | Reached skill level 18 in Axes
 18759 | D:12     | Found Zaclonn's Magic Scroll Emporium.
 19071 | D:12     | Received a gift from Trog
 19156 | D:12     | Noticed jasper's ghost (journeyman MiFi)
 19167 | D:12     | Killed jasper's ghost
 19911 | D:13     | Found a gate to the Vaults.
 20258 | D:14     | Found a white marble altar of Elyvilon.
 20374 | D:14     | Received a gift from Trog
 20444 | D:15     | Entered Level 15 of the Dungeon
 20449 | D:15     | Reached skill level 15 in Fighting
 20495 | D:15     | Reached skill level 10 in Throwing
 20508 | D:15     | Got a smoking ring mail
 20509 | D:15     | Identified the +2 ring mail "Kimoofus" {Str+3} (You found it on level 15 of the Dungeon)
 21053 | D:15     | Found a staircase to the Depths.
 21114 | D:15     | Reached skill level 19 in Axes
 21117 | D:15     | Reached XP level 16. HP: 114/149 MP: 15/15
 21136 | D:15     | Received a gift from Trog
 21542 | Spider:1 | Entered Level 1 of the Spider Nest
 21818 | Spider:1 | Reached skill level 10 in Armour
 22229 | Spider:1 | Received a gift from Trog
 22421 | Spider:1 | Got a warped war axe {god gift}
 22424 | Spider:1 | Identified the +12 war axe "Qir Aliv" {chop, rElec Str+3 Int-4 Stlth+} (Trog gifted it to you on level 1 of the Spider Nest)
 23180 | Spider:2 | Received a gift from Trog
 23898 | Spider:3 | Received a gift from Trog
 23908 | Spider:3 | Got a crystal hand axe {god gift}
 23934 | Spider:3 | Identified the +10 hand axe "Zoehaipn" {flame, rF+ Str+3 Int+3 SInv} (Trog gifted it to you on level 3 of the Spider Nest)
 23986 | Spider:3 | Reached skill level 20 in Axes
 24135 | Spider:3 | Reached XP level 17. HP: 136/158 MP: 16/16
 24515 | Spider:4 | Entered Level 4 of the Spider Nest
 24550 | Spider:4 | Received a gift from Trog
 24828 | Spider:4 | Noticed Arachne
 24872 | Spider:4 | Killed Arachne
 25088 | Spider:4 | Received a gift from Trog
 25379 | Spider:4 | Got a gossamer rune of Zot
 25695 | Shoals:1 | Entered Level 1 of the Shoals
 25725 | Shoals:1 | Received a gift from Trog
 25820 | Shoals:1 | Found Ewod's Jewellery Emporium.
 26160 | Shoals:1 | Noticed a kraken
 26171 | Shoals:1 | Killed a kraken
 26272 | Shoals:2 | Noticed Frances
 26281 | Shoals:2 | Killed Frances
 26505 | Shoals:2 | Reached XP level 18. HP: 158/169 MP: 17/17
 26562 | Shoals:2 | Reached skill level 21 in Axes
 26766 | Shoals:3 | Noticed Kirke
 26771 | Shoals:3 | Noticed Polyphemus
 26800 | Shoals:3 | Killed Polyphemus
 26802 | Shoals:3 | Killed Kirke
 26932 | Shoals:4 | Entered Level 4 of the Shoals
 26940 | Shoals:4 | Received a gift from Trog
 26979 | Shoals:4 | Received a gift from Trog
 26986 | Shoals:4 | Got an iridescent war axe
 26987 | Shoals:4 | Identified the cursed +0 war axe of Begeips {antimagic, rF+ Int+4} (You found it on level 4 of the Shoals)
 27346 | Shoals:4 | Noticed Ilsuiw
 27383 | Shoals:4 | Reached skill level 1 in Stealth
 27406 | Shoals:4 | Killed Ilsuiw
 27410 | Shoals:4 | Received a gift from Trog
 27757 | Shoals:4 | Received a gift from Trog
 27845 | Shoals:4 | Got a barnacled rune of Zot
 28034 | Shoals:2 | Received a gift from Trog
 28356 | Vaults:1 | Entered Level 1 of the Vaults
 28440 | Vaults:1 | Received a gift from Trog
 28440 | Vaults:1 | Reached XP level 19. HP: 170/178 MP: 18/18
 28671 | Vaults:1 | Reached skill level 22 in Axes
 28759 | Vaults:1 | Received a gift from Trog
 29579 | Vaults:2 | Noticed Donald
 29586 | Vaults:2 | Killed Donald
 30083 | Vaults:2 | Received a gift from Trog
 30932 | Vaults:3 | Received a gift from Trog
 31483 | Vaults:3 | Reached skill level 23 in Axes
 31605 | Vaults:3 | Received a gift from Trog
 31691 | Vaults:3 | Reached XP level 20. HP: 175/187 MP: 19/19
 31723 | Vaults:3 | Found a staircase to the Crypt.
 32620 | Vaults:5 | Entered Level 5 of the Vaults
 32646 | Vaults:5 | Received a gift from Trog
 32675 | Vaults:5 | Reached skill level 24 in Axes
 32865 | Vaults:5 | Gained mutation: Your muscles are strong. (Str +2) [potion of beneficial mutation]
 32883 | Vaults:5 | Received a gift from Trog
 32908 | Vaults:5 | Reached XP level 21. HP: 182/196 MP: 20/20
 32999 | Vaults:5 | Noticed an ancient lich
 33009 | Vaults:5 | Killed an ancient lich
 33033 | Vaults:5 | Noticed meatpath's ghost (veteran MiBe)
 33050 | Vaults:5 | Killed meatpath's ghost
 33481 | Vaults:5 | Got a serpentine marble ring
 33536 | Vaults:5 | Received a gift from Trog
 33538 | Vaults:5 | Identified the ring "Issiwnunt" {MR+ Str+6} (You found it on level 5 of the Vaults)
 33711 | Vaults:5 | Got a silver rune of Zot
 33784 | Vaults:5 | Got a glittering gossamer ring
 33785 | Vaults:5 | Identified the ring of Fameecam {+Blink rPois rF- Str+2 Slay+4} (You found it on level 5 of the Vaults)
 33884 | Vaults:5 | Reached skill level 25 in Axes
 33911 | Vaults:5 | Noticed an ancient lich
 33918 | Vaults:5 | Killed an ancient lich
 34756 | Elf:1    | Entered Level 1 of the Elven Halls
 34814 | Elf:1    | Received a gift from Trog
 34819 | Elf:1    | Reached XP level 22. HP: 207/207 MP: 21/21
 34878 | Elf:1    | Identified the Catalogue of the Escort
 35287 | Elf:1    | Received a gift from Trog
 35743 | Elf:2    | Received a gift from Trog
 35801 | Elf:2    | Found a runed gate.
 35801 | Elf:2    | Found a runed gate.
 35801 | Elf:2    | Found a runed gate.
 36493 | Elf:3    | Entered Level 3 of the Elven Halls
 36493 | Elf:3    | Found Ximiel's Food Emporium.
 36495 | Elf:3    | Noticed Jorgrun
 36502 | Elf:3    | Killed Jorgrun
 36682 | Elf:3    | Found Fosyv's Distillery.
 36701 | Elf:3    | Received a gift from Trog
 36734 | Elf:3    | Reached skill level 26 in Axes
 36736 | Elf:3    | Noticed Wiglaf
 36762 | Elf:3    | Killed Wiglaf
 36781 | Elf:3    | Killed the ghostly Wiglaf
 36815 | Elf:3    | Received a gift from Trog
 36819 | Elf:3    | Bought a potion of agility for 72 gold pieces
 36819 | Elf:3    | Bought a potion of might for 72 gold pieces
 37027 | Elf:3    | Found a frozen archway.
 37042 | Elf:3    | Found Tovar's Weapon Shoppe.
 37158 | Elf:3    | Found Giarphid's Armour Emporium.
 37443 | Elf:3    | Got a bound steel ring
 37474 | Elf:3    | Got an ancient pewter ring
 37493 | Elf:3    | Received a gift from Trog
 37504 | Elf:3    | Got a twitching jade amulet
 37519 | Elf:3    | Got a faintly glowing lead ring
 37522 | Elf:3    | Identified the ring of Mogu {rCorr rPois rF+} (You found it on level 3 of the Elven Halls)
 37523 | Elf:3    | Identified the ring "Muumouro" {SustAt rPois Int+4 Dex+3} (You found it on level 3 of the Elven Halls)
 37524 | Elf:3    | Identified the amulet "Lueriffiuni" {Inacc *Drain rPois MP+9 Int+4} (You found it on level 3 of the Elven Halls)
 37525 | Elf:3    | Identified the ring "Putekk" {EV+3 Str+4} (You found it on level 3 of the Elven Halls)
 37847 | Depths:1 | Entered Level 1 of the Depths
 37866 | Depths:1 | Received a gift from Trog
 38041 | Depths:1 | Reached XP level 23. HP: 134/217 MP: 22/22
 38205 | Depths:1 | Found a sparkling altar of Nemelex Xobeh.
 38281 | Depths:1 | Found a portal to a secret trove of treasure.
 38366 | Depths:1 | Found a gateway to Hell.
 38764 | Depths:2 | Received a gift from Trog
 38779 | Depths:2 | Received a gift from Trog
 38957 | Depths:2 | Received a gift from Trog
 39295 | Depths:2 | Got a faintly glowing platinum ring
 39483 | Depths:3 | Found a one-way gate to the infinite horrors of the Abyss.
 39544 | Depths:3 | Reached skill level 27 in Axes
 39660 | Depths:3 | Found a magical portal.
 39672 | WizLab   | Entered The Chambers of Lonnak the Cloud Mage
 39730 | WizLab   | Reached skill level 15 in Throwing
 40035 | WizLab   | Received a gift from Trog
 40213 | Depths:3 | Found a gateway to a ziggurat.
 40220 | Depths:3 | Paralysed by a giant eyeball for 3 turns
 40245 | Zig:1    | Entered Level 1 of a ziggurat
 40264 | Zig:2    | Entered Level 2 of a ziggurat
 40486 | Zig:3    | Entered Level 3 of a ziggurat
 40511 | Zig:3    | Gained mutation: You are somewhat resistant to further mutation. [potion of beneficial mutation]
 40529 | Zig:4    | Entered Level 4 of a ziggurat
 40555 | Zig:5    | Entered Level 5 of a ziggurat
 40577 | Zig:5    | Received a gift from Trog
 40595 | Zig:6    | Entered Level 6 of a ziggurat
 40658 | Zig:7    | Entered Level 7 of a ziggurat
 40680 | Zig:7    | Reached XP level 24. HP: 228/228 MP: 22/22
 40749 | Zig:8    | Entered Level 8 of a ziggurat
 40754 | Zig:8    | Noticed a juggernaut
 40767 | Zig:8    | Killed a juggernaut
 40811 | Zig:8    | Reached XP level 25. HP: 224/237 MP: 22/22
 40846 | Zig:9    | Entered Level 9 of a ziggurat
 40851 | Zig:9    | Noticed a juggernaut
 40866 | Zig:9    | Killed a juggernaut
 40913 | Zig:9    | Got a slimy tin ring
 40933 | Zig:9    | Identified the ring "Eniff" {*Tele rPois Int+2} (You found it on level 2 of the Depths)
 40934 | Zig:9    | Identified the ring of Wius {Str+2 SInv} (You found it on level 9 of a ziggurat)
 40943 | Zig:10   | Entered Level 10 of a ziggurat
 40950 | Zig:10   | Noticed a greater mummy
 40979 | Zig:10   | Killed a greater mummy
 40979 | Zig:10   | HP: 14/355 [iron giant zombie (14)]
 41009 | Zig:10   | Got a scorched cloak
 41020 | Zig:10   | Reached skill level 10 in Dodging
 41020 | Zig:10   | Reached XP level 26. HP: 93/246 MP: 22/22
 41027 | Zig:10   | Identified the +2 cloak "Niymiuss" {-Cast rPois Stlth+} (You found it on level 10 of a ziggurat)
 41190 | Zig:11   | Entered Level 11 of a ziggurat
 41203 | Zig:11   | Noticed a greater mummy
 41203 | Zig:11   | Noticed a greater mummy
 41213 | Zig:11   | Slain by a phantasmal warrior

Skill      XL: |  1  2  3  4  5  6  7  8  9 10 11 12 13 14 15 16 17 18 19 20 21 22 23 24 25 |
---------------+----------------------------------------------------------------------------+-----
Axes           | 4 5 6 7 9 10 12 14 15 17 19 20 21 23 24 25 26 27 | 27.0
Fighting       | 4 5 6 8 9 10 11 12 14 15 16 17 18 19 20 21 | 21.9
Throwing       | 1 2 3 4 5 6 7 8 9 10 11 12 13 14 15 | 15.3
Armour         | 3 4 5 6 7 8 9 10 11 12 13 | 13.1
Shields        | 2 5 6 7 9 10 12 13 14 15 16 18 19 20 21 22 23 24 25 26 | 26.3
Dodging        | 3 4 5 6 7 8 10 | 10.5
Stealth        | 1 |  1.3

Action                   |  1- 3 |  4- 6 |  7- 9 | 10-12 | 13-15 | 16-18 | 19-21 | 22-24 | 25-27 || total
-------------------------+-------+-------+-------+-------+-------+-------+-------+-------+-------++-------
Melee: Hand axe          |    71 |    92 |    11 |       |       |       |       |       |       ||   174
       Headbutt          |    11 |    19 |    64 |   185 |   264 |   322 |   329 |   242 |    24 ||  1460
       War axe           |       |       |   316 |   694 |       |  1054 |   929 |   781 |    60 ||  3834
       Broad axe         |       |       |       |    81 |  1012 |   112 |       |       |       ||  1205
Throw: Javelin           |       |       |     2 |    24 |    11 |    47 |    24 |    17 |       ||   125
Invok: Berserk           |       |     2 |     3 |     3 |     9 |     3 |     2 |     3 |     3 ||    28
       Trog's Hand       |       |     1 |     3 |     4 |     4 |     6 |     5 |     8 |     3 ||    34
       Burn Spellbooks   |       |       |       |     2 |     5 |     4 |     7 |     9 |     2 ||    29
Evoke: Wand              |       |       |       |       |       |       |       |     2 |       ||     2
  Use: Scroll            |       |       |       |       |    42 |    16 |     4 |    10 |     5 ||    77
       Potion            |       |       |       |       |     5 |       |     3 |     5 |     4 ||    17
 Stab: Confused          |       |       |       |       |     1 |       |       |       |       ||     1
       Petrified         |       |       |       |       |       |     3 |       |       |       ||     3
       Distracted        |       |       |       |       |       |       |     2 |       |       ||     2
  Eat: Chunk             |     2 |     4 |    11 |    20 |    28 |    19 |    18 |    14 |     3 ||   119
       Fruit             |       |     4 |       |     8 |    11 |     6 |     6 |     3 |       ||    38
       Beef jerky        |       |       |       |       |     1 |     3 |       |     4 |     1 ||     9
       Royal jelly       |       |       |       |       |       |     1 |       |     1 |       ||     2
Armor: Animal skin       |    24 |     9 |       |       |       |       |       |       |       ||    33
       Scale mail        |       |    28 |   106 |       |       |       |       |       |       ||   134
       Plate armour      |       |       |    27 |   360 |   371 |   454 |       |       |       ||  1212
       Crystal plate arm |       |       |       |       |       |    29 |   182 |   138 |    39 ||   388
Dodge: Dodged            |    74 |    45 |   108 |   268 |   376 |   384 |   116 |   100 |    23 ||  1494
Block: Shield            |       |    30 |   199 |   543 |   482 |       |       |       |       ||  1254
       Large shield      |       |       |       |       |   371 |  1848 |  1060 |   926 |   120 ||  4325
